 Dungeon Crawl Stone Soup version 0.29.1-2-gbd0b4ee654 (webtiles) character file.

Game seed: 1098754428822870816

61151 Firos the Impaler (level 15, -2/139 HPs)
             Began as a Hill Orc Monk on Nov 8, 2022.
             Was the Champion of Beogh.
             Slain by a vault guard
             ... wielding a +3 vorpal battleaxe
              (4 damage)
             ... on level 13 of the Dungeon.
             The game lasted 01:23:28 (21935 turns).

Firos the Impaler (Hill Orc Monk)                  Turns: 21935, Time: 01:23:29

Health: -2/139     AC: 31    Str: 25    XL:     15   Next: 2%
Magic:  24/24      EV: 12    Int: 10    God:    Beogh [******]
Gold:   2543       SH:  0    Dex: 13    Spells: 14/14 levels left

rFire   . . .      SeeInvis +   E - +2 glaive (flame)
rCold   + . .      Faith    +   (shield currently unavailable)
rNeg    + + .      Spirit   .   A - +9 plate armour "Jepeb" {rN++}
rPois   .          Reflect  .   m - +1 helmet {SInv}
rElec   .          Harm     .   H - scarf {repulsion}
rCorr   +          Rampage  .   M - +0 pair of gloves
Will    +....                   C - +1 pair of boots "Izyigu" {rCorr Str+3 Stlth+}
Stlth   ..........              L - amulet of faith
HPRegen 0.33/turn               n - +4 ring of evasion
MPRegen 0.19/turn               T - ring of protection from cold

@: repel missiles
A: walk on water
a: Renounce Religion, Smiting, Recall Orcish Followers, Give Item to Named
Follower, Resurrection


You were on level 13 of the Dungeon.
You worshipped Beogh.
Beogh was exalted by your worship.
You visited 3 branches of the dungeon, and saw 20 of its levels.
You also visited: Ice Cave and Volcano.

You collected 2543 gold pieces.

Inventory:

Hand Weapons
 a - a +0 arbalest of flaming
 u - a +1 great sword of freezing
 D - a +0 glaive of flaming
 E - a +2 glaive of flaming (weapon)
 I - a +0 halberd of venom
 N - the +8 broad axe of Zin's Supremacy {protect, Str+4}
   (You found it on level 2 of the Orcish Mines)

   It grants its wielder temporary protection when it strikes (+7 to AC).
   Str:       It affects your strength (+4).
 P - a +0 great mace of flaming
 Q - the +3 quarterstaff of Duymuw {vorpal, rF+ rCorr Stlth+}
   (You found it on level 4 of the Dungeon)

   It inflicts extra damage upon your enemies.
   rF:        It protects you from fire.
   rCorr:     It protects you from acid and corrosion.
   Stlth:     It makes you more stealthy.
 Z - a +2 arbalest of flaming
Armour
 b - +0 ice dragon scales
 i - a +1 cloak
 m - a +1 helmet of see invisible (worn)
 A - the +9 plate armour "Jepeb" (worn) {rN++}
   (You took it off an orc warrior on level 6 of the Dungeon)

   rN:        It greatly protects you from negative energy.
 C - the +1 pair of boots "Izyigu" (worn) {rCorr Str+3 Stlth+}
   (You found it on level 8 of the Dungeon)

   Str:       It affects your strength (+3).
   rCorr:     It protects you from acid and corrosion.
   Stlth:     It makes you more stealthy.
 F - +0 steam dragon scales
 H - a scarf of repulsion (worn)
 M - a +0 pair of gloves (worn)
 Y - a +1 leather armour of fire resistance
Jewellery
 n - a +4 ring of evasion (left hand)
 v - an amulet of regeneration
 w - a ring of positive energy
 K - a ring of poison resistance
 L - an amulet of faith (around neck)
 S - the ring "Diywetum" {Fly Str+3 Int-3 Dex+6 Stlth+}
   (You found it on level 1 of the Lair of Beasts)

   [ring of dexterity]

   Str:       It affects your strength (+3).
   Int:       It affects your intelligence (-3).
   Dex:       It affects your dexterity (+6).
   Fly:       It grants you flight.
   Stlth:     It makes you more stealthy.
 T - a ring of protection from cold (right hand)
 U - a +4 ring of protection
Wands
 o - a wand of flame (28)
 x - a wand of iceblast (33)
 y - a wand of paralysis (12)
 J - a wand of digging (8)
 O - a wand of polymorph (5)
 V - a wand of light (4)
Scrolls
 h - 6 scrolls of noise
 l - 6 scrolls of teleportation
 p - 3 scrolls of brand weapon
 r - a scroll of blinking {unknown}
 s - 2 scrolls of enchant weapon
 t - 2 scrolls of amnesia
 z - 15 scrolls of identify
 R - 2 scrolls of fear
 W - a scroll of fog
 X - 2 scrolls of enchant armour
Potions
 c - 3 potions of ambrosia
 d - 2 potions of cancellation
 e - 2 potions of heal wounds
 f - 3 potions of brilliance
 g - a potion of haste
 j - 3 potions of mutation
 k - 3 potions of flight
 q - 3 potions of lignification
 B - 6 potions of magic
 G - 8 potions of curing


   Skills:
 + Level 14.9 Fighting
 * Level 18.7 Polearms
 + Level 13.3 Armour
 - Level 2.4 Dodging
 - Level 1.5 Stealth
 + Level 12.5 Invocations


You had 14 spell levels left.
You didn't know any spells.
Your spell library contained the following spells:

 Spells                   Type           Power      Damage    Failure   Level
 Apportation              Tloc           0%         N/A       97%         1
 Foxfire                  Conj/Fire      0%         2x1d4     97%         1
 Necrotise                Necr           0%         1d4       97%         1
 Shock                    Conj/Air       0%         1d3       97%         1
 Summon Small Mammal      Summ           0%         N/A       97%         1
 Blink                    Tloc           0%         N/A       99%         2
 Conjure Flame            Conj/Fire      0%         6-21      100%        3
 Inner Flame              Hex/Fire       0%         N/A       100%        3
 Lesser Beckoning         Tloc           0%         N/A       100%        3
 Swiftness                Air            0%         N/A       100%        3
 Vampiric Draining        Necr           0%         2d6       100%        3
 Airstrike                Air            0%         2d(0-16)  100%        4
 Flame Wave               Conj/Fire      0%         2d4       100%        4
 Agony                    Necr           0%         N/A       100%        5
 Manifold Assault         Tloc           0%         N/A       100%        5
 Summon Forest            Summ/Tloc      0%         N/A       100%        5
 Summon Mana Viper        Hex/Summ       0%         N/A       100%        5
 Summon Cactus Giant      Summ           0%         N/A       100%        6


Dungeon Overview and Level Annotations

Branches:
Dungeon (13/15)            Temple (0/1) D:5            Lair (5/5) D:9
 Shoals (0/4) Lair:3       Spider (0/4) Lair:2        Slime (0/5) Lair:4
    Orc (2/2) D:10            Elf (0/3) Orc:2        Vaults (0/5) D:13
  IceCv (visited)         Volcano (visited)

Altars:
Cheibriados
Dithmenos
Kikubaaqudgha
Nemelex Xobeh
Qazlal
Trog
Vehumet
The Shining One
Beogh
Jiyva

Shops:
D:1 [   D:5 :   D:11 :   D:12 (   Orc:2 ?!(=

Annotations:
D:6 1 exclusion
D:7 1 transporter
Lair:4 1 runed translucent door


Message History

Beogh accepts your kill.
Your ufetubus disappears in a puff of smoke!
Bogdar shoots a bolt.
The bolt hits the komodo dragon!
You barely miss the komodo dragon.
The komodo dragon is moderately wounded.
Your orc sorcerer no longer looks unusually strong.
Your ufetubus disappears in a puff of smoke!
Your orc warrior no longer looks unusually strong.
Oruk hits something from afar with a +2 vampiric trident.
Your hellwing swoops through the air toward the komodo dragon!
Your hellwing hits the komodo dragon! Your hellwing hits the komodo dragon.
The komodo dragon completely misses you.
Bogdar shoots a bolt.
The bolt hits the komodo dragon!!
The komodo dragon dies!
Beogh accepts your kill.
You have reached level 15!
Your experience leads to an increase in your attributes!
Your base attributes are Str 19, Int 10, Dex 13.
Increase (S)trength, (I)ntelligence, or (D)exterity?
You feel stronger. x3
Reach: E) +2 glaive (flame)
Press: ? - help, Dir - move target, f - vault guard
Aim: a vault guard, wielding a +3 vorpal battleaxe and wearing a +0 chain mail (ally target, about 32% to evade your +2 glaive of flaming)
You reach to attack!
You hit the vault guard. You burn the vault guard.
The vault guard is lightly wounded.
Oruk hits the vault guard from afar with a +2 vampiric trident!!
The vault guard dies!
Beogh accepts your kill.
Your hellwing closely misses the vault guard.
Your hellwing hits the vault guard. You slice the vault guard!!
You burn the vault guard!
The vault guard is heavily wounded.
Bogdar unwields a +0 arbalest.
Bogdar wields a +4 great mace of flaming.
It bursts into flame!
Bogdar hits the vault guard with a +4 great mace of flaming!!
Bogdar burns the vault guard.
The vault guard hits you with a +3 vorpal battleaxe!
* * * LOW HITPOINT WARNING * * *
You die...

#####.o.##
......
#........##
#.....#
#.........###...
#..........#..#
.....555o5?..###
...54oo3oo5.....
...##oo5ooo5##.)
..# ##44oo3## .
##oo@## ##p##
#.4)).#
#.#).§#.# #
..... # ...∩...
#.......#
#.#...#.#
##.....##


You could see a vault guard (ally target), 4 friendly orc knights, the friendly
Bogdar the orc knight (strong), the friendly Gorm the orc knight (strong), the
friendly Oruk the orc knight (strong), a friendly soul eater (summoned), 2
friendly hellwings, 2 friendly ice devils, a friendly ynoxinul (summoned), 3
friendly orc sorcerers, 2 friendly orc warriors, a friendly orc wizard (strong,
invisible), the friendly Jorge the orc wizard (strong, invisible) and 8 friendly
ufetubi.

Vanquished Creatures
  Fannar (Lair:1)
  A vault guard (D:13)
  An ogre mage (Orc:2)
  A centaur warrior (D:13)
  A hydra (Lair:5)
  2 boulder beetles
  2 catoblepae (Lair:5)
  A two-headed ogre (D:13)
  6 death yaks (Lair:5)
  A deep elf archer (Volcano)
  An ugly thing (IceCv)
  An orc knight (Orc:2)
  A necromancer (IceCv)
  2 orc sorcerers (Orc:2)
  7 deep elf pyromancers (Volcano)
  3 manticores
  A black mamba (Lair:1)
  The ghost of Discosetron the Magician, a novice DjAE of Makhleb (D:6)
  Maurice (D:9)
  An elephant (Lair:5)
  An ice statue (IceCv)
  A cane toad (Lair:1)
  5 torpor snails (Lair:3)
  Maggie (D:7)
  2 unseen horrors
  3 freezing wraiths (IceCv)
  A komodo dragon (Lair:5)
  2 polar bears
  12 ice devils (IceCv)
  2 trolls
  A hornet (D:9)
  6 dream sheep (Lair:5)
  5 blink frogs
  Sigmund (D:6)
  A shadow (D:11)
  A dire elephant simulacrum (IceCv)
  7 fire elementals (Volcano)
  A wyvern (D:9)
  14 yaks
  Grum (D:9)
  6 death yak simulacra (IceCv)
  A steam dragon (D:9)
  A vampire mosquito (D:11)
  4 wargs
  An acid dragon (D:9)
  2 harpy simulacra (IceCv)
  8 water moccasins
  4 hydra simulacra (IceCv)
  A sky beast (D:6)
  6 orc warriors
  3 black bears
  An ice beast (D:6)
  2 ogres
  6 wolves
  4 centaurs
  3 lemures (D:7)
  A kobold brigand (D:8)
  3 necrophages
  6 bullfrogs
  2 gnoll sergeants (D:8)
  4 cane toad simulacra (IceCv)
  2 scorpions
  5 wights
  2 elephant simulacra (IceCv)
  A killer bee (D:10)
  A howler monkey (D:6)
  4 electric eels
  8 orc priests
  6 hounds
  3 jellies
  2 iguanas
  8 orc wizards
  2 polar bear simulacra (IceCv)
  2 spriggan simulacra (IceCv)
  6 wolf simulacra (IceCv)
  3 adders
  7 gnolls
  A white imp (IceCv)
  4 ufetubi
  A worm (D:5)
  3 dart slugs
  16 orcs
  8 endoplasms
  4 giant cockroaches
  10 goblins
  6 hobgoblins
  7 jackals
  5 kobolds
  4 quokkas
  3 ball pythons
  8 bats
  3 frilled lizards
  6 rats
324 creatures vanquished.

Vanquished Creatures (collateral kills)
  2 vault guards (D:13)
  2 ogre magi (Orc:2)
  3 centaur warriors (D:13)
  4 hydras
  A catoblepas (Lair:5)
  A tengu warrior (D:13)
  6 death yaks (Lair:5)
  Pikel (D:7)
  An orc sorcerer (Orc:2)
  2 cyclopes
  3 manticores
  5 black mambas
  7 elephants
  Joseph (D:7)
  A torpor snail (Lair:5)
  6 cane toads
  2 rime drakes (Lair:5)
  4 komodo dragons
  A rime drake (shapeshifter) (D:11)
  4 trolls
  A polar bear (Lair:5)
  A slime creature (D:13)
  7 dream sheep
  8 blink frogs
  2 wyverns
  52 yaks
  A shadow (D:13)
  2 basilisks
  3 vampire mosquitoes
  A steam dragon (D:9)
  2 wargs
  2 acid dragons
  5 water moccasins
  2 black bears
  9 orc warriors
  3 ogres (Orc:2)
  4 wolves
  A centaur (D:11)
  A kobold brigand (D:8)
  A gnoll sergeant (D:8)
  5 bullfrogs
  4 wights
  3 killer bees (D:10)
  2 electric eels (D:9)
  4 orc priests
  3 hounds (D:9)
  A gnoll bouda (Lair:1)
  11 orc wizards
  2 gnolls
  A shadow imp (D:7)
  A white imp (IceCv)
  14 orcs
  2 kobolds (D:8)
  3 butterflies
  A fungus (Lair:5)
222 creatures vanquished.

Vanquished Creatures (others)
  An orc knight (Lair:5)
  4 orc sorcerers
  11 orc priests
  7 orc warriors
  22 orc wizards
  47 orcs
  78 fungi
  128 plants
298 creatures vanquished.

Grand Total: 844 creatures vanquished

Notes
Turn   | Place    | Note
-------+----------+-------------------------------------------
     0 | D:1      | Firos the Hill Orc Monk began the quest for the Orb.
     0 | D:1      | Reached XP level 1. HP: 19/19 MP: 1/1
   395 | D:1      | Reached XP level 2. HP: 24/27 MP: 2/2
   537 | D:1      | Found Ucodutil's Antique Armour Boutique.
   775 | D:1      | Reached skill level 1 in Armour
  1209 | D:1      | Reached skill level 4 in Polearms
  1209 | D:1      | Reached XP level 3. HP: 21/33 MP: 3/3
  1997 | D:2      | Reached XP level 4. HP: 34/40 MP: 4/4
  2968 | D:3      | Found an ancient bone altar of Kikubaaqudgha.
  3308 | D:3      | Found a roughly hewn altar of Beogh.
  3309 | D:3      | Became a worshipper of Beogh the Brigand
  3309 | D:3      | Reached * piety under Beogh
  3309 | D:3      | Reached ** piety under Beogh
  3578 | D:3      | Found a faded altar of an unknown god.
  4198 | D:4      | Reached XP level 5. HP: 25/47 MP: 5/5
  4212 | D:4      | Reached skill level 5 in Polearms
  4546 | D:4      | Reached skill level 5 in Fighting
  4546 | D:4      | Reached XP level 6. HP: 49/56 MP: 6/6
  4767 | D:4      | Reached skill level 6 in Polearms
  5146 | D:4      | Identified the +3 quarterstaff of Duymuw {vorpal, rF+ rCorr
                  | Stlth+}
  5847 | D:5      | Entered Level 5 of the Dungeon
  5962 | D:5      | Reached XP level 7. HP: 61/61 MP: 7/7
  5968 | D:5      | Found a staircase to the Ecumenical Temple.
  6182 | D:5      | Found a bloodstained altar of Trog.
  6348 | D:5      | Found Jeafan's Book Emporium.
  6435 | D:5      | Reached skill level 7 in Polearms
  6745 | D:6      | Reached XP level 8. HP: 62/71 MP: 8/8
  6779 | D:6      | Reached skill level 8 in Polearms
  6872 | D:6      | Reached skill level 5 in Armour
  6888 | D:6      | Reached *** piety under Beogh
  7018 | D:6      | Found a runed translucent gate.
  7019 | D:6      | Found a runed translucent gate.
  7019 | D:6      | Identified the +9 plate armour "Jepeb" {rN++}
  7019 | D:6      | Noticed Discosetron's ghost (novice DjAE)
  7020 | D:6      | Found a runed translucent gate.
  7090 | D:6      | Noticed Sigmund
  7103 | D:6      | Killed Sigmund
  7104 | D:6      | Reached skill level 9 in Polearms
  7171 | D:6      | Reached XP level 9. HP: 76/79 MP: 9/9
  7614 | D:6      | Found a roughly hewn altar of Beogh.
  7628 | D:6      | Killed Discosetron's ghost
  7629 | D:6      | Reached skill level 10 in Polearms
  7862 | D:7      | Reached **** piety under Beogh
  7879 | D:7      | Noticed Maggie
  7883 | D:7      | Noticed Pikel
  7895 | D:7      | Killed Maggie
  7899 | D:7      | Killed Pikel
  7900 | D:7      | Reached skill level 11 in Polearms
  7900 | D:7      | Reached XP level 10. HP: 91/91 MP: 10/10
  8022 | D:7      | Noticed Joseph
  8036 | D:7      | Killed Joseph
  8123 | D:7      | Found a sparkling altar of Nemelex Xobeh.
  8123 | D:7      | Found a transporter.
  8414 | D:8      | Gained Orgrim as an ally
  8724 | D:8      | Found a shadowy altar of Dithmenos.
  8726 | D:8      | Noticed a manticore
  8746 | D:8      | Killed a manticore
  8748 | D:8      | Your ally Orgrim died
  8761 | D:8      | Identified the +1 pair of boots "Izyigu" {rCorr Str+3
                  | Stlth+}
  8776 | D:8      | Reached skill level 12 in Polearms
  8954 | D:8      | Reached ***** piety under Beogh
  9665 | D:9      | Reached skill level 10 in Fighting
  9667 | D:9      | Found a staircase to the Lair.
  9686 | D:9      | Reached skill level 1 in Invocations
  9702 | D:9      | Noticed Grum
  9921 | D:9      | Killed Grum
 10073 | D:9      | Reached XP level 11. HP: 101/101 MP: 13/13
 10077 | D:9      | Reached skill level 13 in Polearms
 10263 | D:9      | Noticed Maurice
 10287 | D:9      | Killed Maurice
 10297 | D:9      | Found a glowing golden altar of the Shining One.
 10476 | D:9      | Found a stormy altar of Qazlal.
 10967 | D:10     | Entered Level 10 of the Dungeon
 10986 | D:10     | Noticed a boulder beetle
 10993 | D:10     | Killed a boulder beetle
 11149 | D:10     | Gained Oruk as an ally
 11748 | D:10     | Reached skill level 5 in Invocations
 12025 | D:10     | Found a staircase to the Orcish Mines.
 12069 | Orc:1    | Entered Level 1 of the Orcish Mines
 12419 | Orc:2    | Entered Level 2 of the Orcish Mines
 12419 | Orc:2    | Found a staircase to the Elven Halls.
 12421 | Orc:2    | Noticed an orc sorcerer
 12422 | Orc:2    | Killed an orc sorcerer
 12532 | Orc:2    | Found a roughly hewn altar of Beogh.
 12536 | Orc:2    | Noticed an orc knight
 12546 | Orc:2    | Killed an orc knight
 12547 | Orc:2    | Reached skill level 14 in Polearms
 12603 | Orc:2    | Identified the +8 broad axe of Zin's Supremacy {protect,
                  | Str+4}
 12773 | Orc:2    | Noticed an orc knight
 12933 | Orc:2    | Found Maedeux's Antique Weapon Shop.
 12933 | Orc:2    | Noticed an orc sorcerer
 12954 | Orc:2    | Found a radiant altar of Vehumet.
 12955 | Orc:2    | Noticed an ogre mage
 12957 | Orc:2    | Paralysed by an ogre mage for 2 turns
 12959 | Orc:2    | Noticed an orc sorcerer
 12962 | Orc:2    | Noticed a soul eater
 12966 | Orc:2    | Killed an ogre mage
 12967 | Orc:2    | Found Joeraxza's Distillery.
 13003 | Orc:2    | Noticed an orc sorcerer
 13005 | Orc:2    | Found an ancient bone altar of Kikubaaqudgha.
 13013 | Orc:2    | Noticed an orc sorcerer
 13016 | Orc:2    | Noticed an orc sorcerer
 13018 | Orc:2    | Noticed an ogre mage
 13018 | Orc:2    | Noticed an orc sorcerer
 13024 | Orc:2    | Killed an orc sorcerer
 13025 | Orc:2    | Reached skill level 10 in Armour
 13025 | Orc:2    | Reached XP level 12. HP: 91/110 MP: 16/16
 13026 | Orc:2    | Killed an ogre mage
 13050 | Orc:2    | Found Kowuf's Jewellery Boutique.
 13085 | Orc:2    | Found a roughly hewn altar of Beogh.
 13085 | Orc:2    | Found Wukuhoq's Magic Scroll Shop.
 13085 | Orc:2    | Noticed an ogre mage
 13094 | Orc:2    | Killed an ogre mage
 13492 | Lair:1   | Entered Level 1 of the Lair of Beasts
 13702 | Lair:1   | Noticed Fannar
 13708 | Lair:1   | Killed Fannar
 13913 | Lair:1   | Identified the ring "Diywetum" {Fly Str+3 Int-3 Dex+6
                  | Stlth+}
 14439 | Lair:2   | Noticed a six-headed hydra
 14444 | Lair:2   | Reached skill level 15 in Polearms
 14454 | Lair:2   | Gained Jorge as an ally
 14456 | Lair:2   | Gained Gorm as an ally
 14456 | Lair:2   | Reached ****** piety under Beogh
 14458 | Lair:2   | Killed a five-headed hydra
 14606 | Lair:2   | Found a hole to the Spider Nest.
 14903 | Lair:2   | Gained Bogbarth as an ally
 14908 | Lair:2   | Gained Bladwarg as an ally
 15009 | Lair:2   | Noticed a boulder beetle
 15016 | Lair:2   | Killed a boulder beetle
 15591 | Lair:3   | Found a staircase to the Shoals.
 15667 | Lair:3   | Reached XP level 13. HP: 114/119 MP: 19/19
 15803 | Lair:3   | Reached skill level 16 in Polearms
 15803 | Lair:3   | Found a snail-covered altar of Cheibriados.
 16425 | Lair:4   | Found a dark tunnel.
 16444 | Volcano  | Entered a volcano
 17267 | Lair:4   | Found a runed translucent door.
 17267 | Lair:4   | Found a viscous altar of Jiyva.
 17280 | Lair:4   | Found a staircase to the Slime Pits.
 17280 | Lair:4   | Noticed an acid blob
 17280 | Lair:4   | Noticed an acid blob
 17928 | Lair:5   | Entered Level 5 of the Lair of Beasts
 17942 | Lair:5   | Reached skill level 10 in Invocations
 18275 | Lair:5   | Reached skill level 17 in Polearms
 18344 | Lair:5   | Gained Bogdar as an ally
 18522 | Lair:5   | Reached XP level 14. HP: 106/130 MP: 22/22
 18817 | Lair:5   | Gained Agrik as an ally
 19703 | D:11     | Your ally Bogbarth died
 19887 | D:11     | Found Goysosoone's Book Shop.
 20064 | D:11     | Reached skill level 18 in Polearms
 20197 | D:12     | Found a frozen archway.
 20210 | IceCv    | Entered an ice cave
 20595 | IceCv    | Found an ancient bone altar of Kikubaaqudgha.
 21064 | IceCv    | Gained Thorok as an ally
 21079 | IceCv    | Your ally Thorok died
 21415 | D:12     | Your ally Agrik died
 21601 | D:12     | Found Jamerame's Weapon Shop.
 21615 | D:12     | Identified the ring of Jeisuit {Fire Drain Will+++ MP+9
                  | SInv}
 21900 | D:13     | Found a gate to the Vaults.
 21929 | D:13     | Your ally Bladwarg died
 21934 | D:13     | Reached XP level 15. HP: 14/139 MP: 24/24
 21935 | D:13     | HP: 2/139 [vault guard/+3 vorpal battleaxe (13)]
 21935 | D:13     | Slain by a vault guard

Illustrated notes

Levels and vault maps discovered:
D:1:      amcnicky_arrival_blooded_trapdoor, layout_loops_corners, serial_shops,
          shop
D:2:      layout_basic, serial_bayou, serial_bayou_lagoon_a,
          serial_bayou_pond_b, serial_bayou_crossing, serial_bayou_pond_d
D:3:      layout_basic, old_standard_altar, dreamdust_ecumenical_altar_grove,
          grunt_decor_one_mirror, kennysheep_orc_chapel
D:4:      nicolae_cairo_tiling_very_big, layout_layer_cave, minmay_diced_spiral
D:5:      layout_basic, pf_just_have_faith, temple_green, serial_shops,
          kennysheep_little_box
D:6:      minmay_angry_zag, layout_basic, biasface_ghost_orc_armoury,
          uniq_sigmund
D:7:      layout_rooms, grunt_nemelex_the_gamble, dk_vineyard_2, uniq_pikel,
          uniq_joseph, uniq_maggie
D:8:      layout_basic, grunt_dithmenos_smoke_and_mirrors, st_stairs_5
D:9:      layout_cave_pods, tso_altar, grunt_qazlal_clouds, erik_lair_island,
          wad_floor_pattern_untrapped, uniq_grum, uniq_maurice
D:10:     layout_irregular_city, david_orc_1_choice
D:11:     hellmonk_crumbling_castle, layout_cave_pools, serial_shops, shop
D:12:     layout_basic, portal_ice_cave_entry_pillars_2, serial_shops,
          nicolae_shop_crystal, drop_trap, minmay_misc_feat_doors
D:13:     layout_cave_pods, lightli_vaults_fourway_checkpoint,
          serial_column_ruins, column_ruins_corridor_straight,
          column_ruins_corridor_corner, column_ruins_grid_1,
          column_ruins_open_medium, amcnicky_mini_rare_corridor_liquid,
          uniq_erolcha
Lair:1:   layout_cave_pods, dreamdust_gnoll_shepherd, uniq_fannar
Lair:2:   layout_long_grid, dummy_spider_entry, lemuel_fruit_fields,
          grunt_megastairs_4
Lair:3:   layout_gridlike, elwin_shoals_entry_rooms, kennysheep_snail_temple,
          lemuel_fruit_fields
Lair:4:   layout_loops_ring, slime_entry_2, enter_volcano_1,
          gammafunk_lair_bear_cave, grunt_megastairs_5, lemuel_fruit_fields
Lair:5:   evilmike_catoblepas_cave, layout_cave_pods
Orc:1:    layout_caves, uniq_nergalle
Orc:2:    kennysheep_orc_mage_school, layout_diamond_mine, basic_altar,
          nooodl_orcs_dogs

Skill      XL: |  1  2  3  4  5  6  7  8  9 10 11 12 13 14 |
---------------+-------------------------------------------+-----
Armour         | 1 2 3 4 5 7 8 10 11 12 13 | 13.3
Fighting       | 4 5 6 7 9 10 11 12 13 14 | 14.9
Polearms       | 4 5 6 7 9 11 12 14 15 17 18 | 18.7
Invocations    | 2 6 8 10 12 | 12.5
Dodging        | |  2.4
Stealth        | |  1.5

Action                   |  1- 3 |  4- 6 |  7- 9 | 10-12 | 13-15 || total
-------------------------+-------+-------+-------+-------+-------++-------
Melee: Spear             |   144 |   265 |   264 |       |       ||   673
       Punch             |       |     2 |     2 |       |       ||     4
       Glaive            |       |       |       |   301 |   453 ||   754
       Unarmed           |       |       |       |     4 |       ||     4
Invok: Convert to Beogh  |       |     1 |       |       |       ||     1
       Recall Orcish Fol |       |       |       |    24 |    19 ||    43
       Smiting           |       |       |       |     2 |     1 ||     3
       Give Item to Name |       |       |       |     2 |     2 ||     4
       Resurrection      |       |       |       |     1 |     1 ||     2
       Stop Recall       |       |       |       |     1 |       ||     1
Evoke: Wand              |       |       |       |       |     6 ||     6
  Use: Scroll            |     3 |     9 |     8 |     7 |     3 ||    30
       Potion            |       |     1 |     4 |     3 |     9 ||    17
 Stab: Sleeping          |     8 |     2 |     1 |       |       ||    11
       Distracted        |       |     1 |     1 |     8 |     4 ||    14
       Confused          |       |       |       |     1 |       ||     1
       Paralysed         |       |       |       |     8 |       ||     8
Armor: Robe              |    34 |       |       |       |       ||    34
       Ring mail         |    10 |    75 |    49 |       |       ||   134
       Plate armour      |       |       |    37 |   248 |   305 ||   590
Dodge: Dodged            |    90 |   105 |   116 |   230 |   215 ||   756
       Repelled          |       |       |       |       |     4 ||     4
